 Dungeon Sprint DCSS version 0.21.1-1-g345015f (webtiles) character file.

95 Fang the Skirmisher (level 4, -3/48 HPs)
             Began as a Gargoyle Berserker on July 10, 2018.
             Was an Elder of Trog.
             Slain by a fire bat (5 damage)
             ... in the Dungeon (Sprint VII: "The Pits").
             The game lasted 00:01:38 (1013 turns).

Fang the Skirmisher (Gargoyle Berserker)            Turns: 1013, Time: 00:01:38

Health: -3/48      AC:  5    Str: 26    XL:     4   Next: 66%
Magic:  4/4        EV: 13    Int:  8    God:    Trog [****..]
Gold:   0          SH:  0    Dex:  9    Spells: 3/3 levels left

rFire    . . .     SeeInvis .   n - +0 hand axe (chop)
rCold    . . .     Gourm    .   (no shield)
rNeg     + . .     Faith    .   b - +0 animal skin
rPois    ∞         Spirit   .   (no helmet)
rElec    +         Reflect  .   (no cloak)
rCorr    .         Harm     .   (no gloves)
MR       .....     NoTele   +   (no boots)
Stlth    ..........             (no amulet)
HPRegen  0.16/turn              (no ring)
MPRegen  0.09/turn              (no ring)

@: berserking, very quick
A: negative energy resistance 1, electricity resistance, unbreathing,
petrification resistance, rot immunity, AC +3
a: Berserk, Trog's Hand, Brothers in Arms, Burn Spellbooks, Renounce Religion


You were in the Dungeon.
You worshipped Trog.
Trog was greatly pleased with you.
You were very hungry.

You visited 1 branch

Inventory:

Hand Weapons
 j - a +2 hand axe
 n - a +0 hand axe of chopping (weapon)
Armour
 b - a +0 animal skin (worn)
Scrolls
 i - a scroll of blinking
 k - 3 scrolls of remove curse
 l - a scroll of summoning
Potions
 a - 2 potions of invisibility
 d - 6 potions of curing
 e - 6 potions of heal wounds
 f - a potion of haste
 g - 4 potions of magic
 h - 3 potions of berserk rage
Comestibles
 c - 9 rations


   Skills:
 + Level 6.6 Fighting
 + Level 5.3 Axes
 + Level 3.3 Armour
 + Level 3.6 Dodging
 + Level 1.1 Stealth


You had 3 spell levels left.
You didn't know any spells.

Dungeon Overview and Level Annotations

Branches:
Dungeon (1/1)

Altars:
Cheibriados
Dithmenos
Elyvilon
Fedhas
Gozag
Hepliaklqana
Makhleb
Nemelex Xobeh
Okawaru
Qazlal
Ru
Sif Muna
Trog
Vehumet
Wu Jian
Xom
Yredelemnul
Zin
The Shining One
Beogh
Jiyva
Lugonu


Innate Abilities, Weirdness & Mutations

You are resistant to torment.
Your stone body is resilient. (AC +3)
You are immune to poison.
You resist negative energy. (rN+)
You are resistant to electric shocks. (rElec)
You can survive without breathing.
You are immune to petrification.
You are immune to rotting.


Message History

The fire bat barely misses you. The fire bat completely misses you.
The fire bat barely misses you.
The fire bat bites you but does no damage.
The fire bat barely misses you. The fire bat bites you.
You are engulfed in flames!
The fire bat misses you. The fire bat bites you.
You are engulfed in flames.
A red film seems to cover your vision as you go berserk!
You feel yourself moving faster!
You feel mighty!
You are feeling very hungry.
The fire bat misses you. The fire bat bites you.
* * * LOW HITPOINT WARNING * * *
You are engulfed in flames!
* * * LOW HITPOINT WARNING * * *
Unknown command.
Unknown command.
You feel a strong urge to attack something.
The fire bat bites you.
* * * LOW HITPOINT WARNING * * *
You are engulfed in flames.
You die...

#.#.)......##......
#'###########......
#.).....# #######
#.÷#M#..# #.##.##.#
#.....5z# #.##.##.#
#5b#.#..# #.@.....+
#########


You could see a fire bat and an iron imp.

Vanquished Creatures
  A wight (D)
  2 gnolls (D)
  2 adders (D)
  An ufetubus (D)
  An ooze (D)
  A hobgoblin (D)
  3 jackals (D)
  A quokka (D)
  A bat (D)
  A quokka skeleton (D)
14 creatures vanquished.

Notes
Turn   | Place    | Note
-------+----------+-------------------------------------------
     0 | D        | Fang the Gargoyle Berserker began the quest for the Orb.
     0 | D        | Reached XP level 1. HP: 14/14 MP: 1/1
    23 | D        | Reached skill level 4 in Fighting
    23 | D        | Reached XP level 2. HP: 5/20 MP: 2/2
   390 | D        | Found a bloodstained altar of Trog.
   390 | D        | Found a deep blue altar of Sif Muna.
   390 | D        | Found a viscous altar of Jiyva.
   390 | D        | Found a hazy altar of Hepliaklqana.
   390 | D        | Found an opulent altar of Gozag.
   391 | D        | Found a glowing golden altar of the Shining One.
   391 | D        | Found a glowing silver altar of Zin.
   391 | D        | Found a basalt altar of Yredelemnul.
   391 | D        | Found a shimmering altar of Xom.
   391 | D        | Found an ornate altar of the Wu Jian Council.
   391 | D        | Found a sacrificial altar of Ru.
   391 | D        | Found a stormy altar of Qazlal.
   391 | D        | Found an iron altar of Okawaru.
   391 | D        | Found a sparkling altar of Nemelex Xobeh.
   391 | D        | Found a burning altar of Makhleb.
   391 | D        | Found a blossoming altar of Fedhas.
   391 | D        | Found a white marble altar of Elyvilon.
   391 | D        | Found a shadowy altar of Dithmenos.
   391 | D        | Found a snail-covered altar of Cheibriados.
   393 | D        | Found a radiant altar of Vehumet.
   393 | D        | Found a corrupted altar of Lugonu.
   393 | D        | Found a roughly hewn altar of Beogh.
   440 | D        | Reached ** piety under Trog
   581 | D        | Reached skill level 5 in Fighting
   581 | D        | Reached XP level 3. HP: 20/26 MP: 3/3
   681 | D        | Reached *** piety under Trog
   953 | D        | Reached **** piety under Trog
   953 | D        | Reached skill level 6 in Fighting
   953 | D        | Reached skill level 5 in Axes
   953 | D        | Reached skill level 1 in Stealth
   953 | D        | Reached XP level 4. HP: 32/32 MP: 4/4
  1003 | D        | Noticed a fire bat
  1013 | D        | HP: 2/48 [fire bat (2)]
  1013 | D        | Slain by a fire bat

Skill      XL: |  1  2  3 |
---------------+----------+-----
Fighting       | 4 5 6 |  6.6
Axes           | 3 5 |  5.3
Dodging        | 2 3 |  3.6
Armour         | 3 |  3.3
Stealth        | 1 |  1.1

Action                   |  1- 3 |  4- 6 || total
-------------------------+-------+-------++-------
Melee: Hand axe          |    41 |       ||    41
Invok: Berserk           |     3 |     1 ||     4
  Eat: Chunk             |     2 |     1 ||     3
Armor: Animal skin       |    14 |     1 ||    15
Dodge: Dodged            |    42 |     8 ||    50
